 Dungeon Crawl Stone Soup version 0.18-a0-1628-g61c6396 (webtiles) character file.

699310 M4edhros the Peltast (level 27, 0/164 HPs)
             Began as an Octopode Wanderer on Mar 24, 2016.
             Was the Champion of Dithmenos.
             Killed from afar by an orb of fire (8 damage)
             ... with a fireball
             ... on level 5 of the Realm of Zot on Mar 25, 2016.
             The game lasted 08:31:55 (93501 turns).

M4edhros the Peltast (Octopode Wanderer)           Turns: 93501, Time: 08:31:55

Health: 0/164      AC:  9    Str: 19      XL:     27
Magic:  45/51      EV: 37    Int: 27      God:    Dithmenos [******]
Gold:   2094       SH: 36    Dex: 19 (20) Spells: 16 memorised, 3 levels left

rFire  + + +     SeeInvis .     K - +9 greatsling (velocity)
rCold  . . .     Gourm    .     j - +8 large shield
rNeg   . . .     Faith    .     H - +3 hat of Pondering {ponderous, MR+ MP+10 Int+5}
rPois  +         Spirit   .     S - +3 amulet of reflection
rElec  .         Dismiss  .     l - +4 ring of intelligence
rCorr  .         Reflect  +     D - +4 ring of evasion
SustAt .         Harm     .     U - ring of poison resistance
MR     ++++.     Clarity  +     I - +6 ring of evasion
Stlth  ++++++++++ Rnd*Tele +    p - +5 ring of dexterity
                                z - ring of wizardry
                                y - +6 ring of intelligence
                                Q - +2 ring of strength

@: shrouded, singing, very slightly contaminated, regenerating, hasted, wreathed
by umbra, very quick, incredibly resistant to hostile enchantments, uncannily
stealthy
A: almost no armour, amphibious, 8 rings, constrict 8, icy blue scales 1, large
bone plates 1, slimy green scales 1, camouflage 1, blurry vision 1, clarity,
clumsy 1, deterioration 2, dopey 1, fire resistance 3, frail 1, magic resistance
1, teleportitis 1, weak 1, gelatinous body 1, evolution 1, no device heal 3,
subdued magic 1
a: Shadow Step, Shadow Form, Renounce Religion, Stop Singing
}: 5/15 runes: decaying, serpentine, slimy, silver, abyssal


You were on level 5 of the Realm of Zot.
You worshipped Dithmenos.
Dithmenos was exalted by your worship.
You were near starving.

You visited 11 branches of the dungeon, and saw 58 of its levels.
You visited the Abyss 1 time.
You visited 1 bazaar.
You also visited: Labyrinth, Sewer and Ice Cave.

You collected 8132 gold pieces.
You spent 6038 gold pieces at shops.

Inventory:

Hand Weapons
 a - the +3 Elemental Staff {rElec rF++ rC++ MR++ AC+5}
   (You bought it in a shop on level 1 of the Depths)

   It affects your AC (+5).
   It greatly protects you from fire.
   It greatly protects you from cold.
   It insulates you from electricity.
   It affects your resistance to hostile enchantments.
 s - a +9 quick blade of freezing
 K - a +9 greatsling of velocity (weapon)
 L - the +7 greatsling "Punk" {freeze, rC+}
   (You acquired it on level 3 of the Lair of Beasts)

   It causes projectiles fired from it to freeze those they strike, causing
   extra injury to most foes and up to half again as much damage against
   particularly susceptible opponents.
   They can also slow down cold-blooded creatures.
   It protects you from cold.
 M - a +3 blowgun of evasion
Missiles
 k - 992 stones
 x - 5 throwing nets (quivered)
 T - 15 curare-tipped needles
Armour
 j - a +8 large shield (worn)
 H - the +3 hat of Pondering (worn) {ponderous, MR+ MP+10 Int+5}
   (You found it on level 2 of the Swamp)

   It affects your intelligence (+5).
   It affects your resistance to hostile enchantments.
   It affects your magic capacity (+10).
Jewellery
 b - an uncursed amulet of regeneration
 l - a +4 ring of intelligence (left tentacle)
 p - a +5 ring of dexterity (on tentacle)
 y - a +6 ring of intelligence (on tentacle)
 z - a ring of wizardry (on tentacle)
 D - a +4 ring of evasion (right tentacle)
 I - a +6 ring of evasion (on tentacle)
 Q - a +2 ring of strength (on tentacle)
 S - a +3 amulet of reflection (around mantle)
 U - a ring of poison resistance (on tentacle)
 V - an uncursed ring of protection from fire
 Z - a +1 ring of slaying
Wands
 e - a wand of iceblast (7/15)
 r - a wand of digging (8/24)
 v - a wand of iceblast (3/15)
 F - a wand of hasting (0/9)
 J - a wand of digging (22/24)
Scrolls
 m - 3 scrolls of fear
 o - 5 scrolls of teleportation
 t - 8 scrolls of fog
 u - 7 scrolls of magic mapping
 C - 2 scrolls of blinking
 N - a scroll of identify
 P - a scroll of amnesia
Potions
 h - 7 potions of might
 n - 3 potions of magic
 q - 7 potions of invisibility
 w - a potion of haste
 B - 5 potions of cancellation
 E - 4 potions of curing
 G - 2 potions of resistance
 W - 3 potions of agility
Miscellaneous
 c - a sack of spiders {used: 2}
 f - a fan of gales (inert)
 i - a box of beasts {used: 5}
 A - a phial of floods (inert)
 X - a phantom mirror
Comestibles
 g - 25 meat rations
 O - 79 fruits
 R - 2 beef jerkies
 Y - a bread ration


   Skills:
 + Level 14.2 Fighting
 - Level 8.1 Short Blades
   Level 1.0(6.4) Polearms
 - Level 10.1 Staves
 - Level 14.1(14.2) Slings
 - Level 1.0(9.5) Throwing
 * Level 18.4 Dodging
 - Level 15.1 Stealth
 - Level 20.0 Shields
 - Level 4.3 Unarmed Combat
 - Level 14.6 Spellcasting
 - Level 10.4 Conjurations
 - Level 4.9 Hexes
 - Level 12.0 Charms
 - Level 9.0 Summonings
 - Level 7.4 Necromancy
 - Level 11.6 Translocations
 - Level 17.6 Transmutations
 - Level 5.4 Ice Magic
 - Level 13.3 Air Magic
 - Level 11.0 Earth Magic
 - Level 10.0 Poison Magic


You had 3 spell levels left.
You knew the following spells:

 Your Spells              Type           Power        Failure   Level  Hunger
a - Shroud of Golubria    Chrm/Tloc      ######....   0%          2    None
b - Ozocubu's Armour      Chrm/Ice       #####...     1%          3    None
c - Regeneration          Chrm/Necr      #####.....   1%          3    None
d - Song of Slaying       Chrm           ######..     0%          2    None
e - Ensorcelled Hibernat  Hex/Ice        ####..       1%          2    None
f - Mephitic Cloud        Conj/Pois/Air  ######..     0%          3    None
g - Passwall              Trmt/Erth      ######....   0%          2    None
h - Corpse Rot            Necr           N/A          1%          2    None
i - Swiftness             Chrm/Air       ######..     0%          2    None
j - Summon Forest         Summ/Tloc      ######....   1%          5    #......
k - Blink                 Tloc           N/A          0%          2    None
l - Poisonous Cloud       Conj/Pois/Air  ######....   1%          6    ####...
m - Deflect Missiles      Chrm/Air       ######....   1%          6    ####...
n - Statue Form           Trmt/Erth      ######...    1%          6    ####...
o - Gell's Gravitas       Hex/Tloc       #####.....   1%          3    None
p - Spectral Weapon       Hex/Chrm       #####...     1%          3    None


Dungeon Overview and Level Annotations

Branches:
Dungeon (15/15)            Temple (1/1) D:7            Lair (8/8) D:11
  Swamp (4/4) Lair:4        Snake (4/4) Lair:4        Slime (6/6) Lair:6
    Orc (2/2) D:12            Elf (3/3) Orc:2        Vaults (5/5) D:14
  Crypt (0/3) Vaults:3     Depths (5/5) D:15            Zot (5/5) Depths:5

Altars:
Ashenzari
Cheibriados
Dithmenos
Elyvilon
Fedhas
Gozag
Kikubaaqudgha
Makhleb
Nemelex Xobeh
Okawaru
Pakellas
Qazlal
Ru
Sif Muna
Trog
Vehumet
Xom
Yredelemnul
Zin
The Shining One
Beogh
Jiyva
Lugonu

Shops:
D:7 =   D:8 %   D:14 !   Orc:2 !(%(   Elf:2 =   Snake:2 :   Snake:3 :
Vaults:2 [=!*   Vaults:3 [   Vaults:4 (   Vaults:5 ?!%?   Depths:1 (
Depths:3 [

Portals:
Hell: Depths:1 Depths:2 Depths:3 Depths:4 Depths:5
Abyss: Depths:4
Pandemonium: Depths:2 Depths:3
Ziggurat: Depths:4

Annotations:
D:7 exclusion: statue
D:9 namelastname112's ghost, journeyman DrBe
Lair:3 Got Punk, good
Abyss:1 Frances; Snorg


Innate Abilities, Weirdness & Mutations

You cannot wear most types of armour.
You are amphibious.
You can wear up to eight rings at the same time.
You can use your tentacles to constrict eight enemies at once.
Your skin changes colour to match your surroundings (Stealth).
Your rubbery body absorbs attacks (AC +1).
You are partially covered in icy blue scales (AC +1).
You are partially covered in large bone plates (AC +2, SH +2).
You are partially covered in slimy green scales (AC +2).
Scrolls take you a little longer to read.
You possess an exceptional clarity of mind.
You are clumsy. (Dex -2)
Your body often deteriorates upon taking damage.
You are dopey. (Int -2)
Your flesh is almost immune to the effects of heat.
You are frail (-10% HP).
You are resistant to hostile enchantments.
You are occasionally teleported next to monsters.
You are weak. (Str -2)
You evolve.
Potions and wands cannot restore your health.
Your spells are a little easier to cast, but a little less powerful.


Message History

Really read with blurry vision while enemies are nearby?
Uppercase [Y]es or [N]o only, please.
Really read with blurry vision while enemies are nearby?
Okay, then.
Okay, then.
Quiver which item? (- for none, * to show all) (? for menu, Esc to quit)
Quivering
x - 6 throwing nets for throwing.
Throwing (i - inventory. (,) - cycle):
x - 6 throwing nets (quivered)
Press: ? - help, Shift-Dir - straight line, f/p - orb of fire
Aim: an orb of fire (severely damaged, umbra, immune to nets)
You throw a throwing net. The throwing net hits the orb of fire.
The net passes right through the orb of fire!
The orb of fire is severely damaged.
Evoke which item? (* to show all) (? for menu, Esc to quit)
Zapping:
F - a wand of hasting (1/9)
Press: ? - help, Shift-Dir - straight line, f - you, p - orb of fire You feel yourself speed up.
This wand has 0 charges left.
The orb of fire glows bright magenta.
The fireball explodes!
The fireball engulfs you! You resist.
You die...

#....###..##
#.##.*..##...##
#........(....#
###..(((..####
#.......#.#..## #
##....#..#.#...#
####....#####.##(a###
.'..........##.(*...#
##...^####...###@...#
#.....# ..#....§.$..#
....###
.<##.#####.....#
...## ... # .....#
..## ...# ##.... ..#
...# .... #§# ####
### .........
........#


You could see an orb of fire and a friendly soldier ant.

Vanquished Creatures
  the Royal Jelly (Slime:6)
  4 orbs of fire
  A juggernaut (Depths:4)
  Sojobo (Vaults:5)
  The ghost of ilikecats the Annihilator, a veteran HECj of Sif Muna (Vaults:5)
  the Lernaean hydra (Swamp:4)
  Norris (Elf:3)
  Vashnia (Snake:3)
  Frederick (Vaults:5)
  A Killer Klown (Zot:4)
  2 curse toes (Zot:4)
  8 golden dragons
  Nikola (Depths:2)
  4 liches
  A bone dragon (Depths:5)
  Xtahua (Vaults:2)
  23 tentacled monstrosities
  8 titans
  24 acid blobs
  A deep elf blademaster (Elf:3)
  5 Orb Guardians (Zot:5)
  A quicksilver dragon (Vaults:5)
  16 storm dragons
  8 sphinxes
  10 death cobs
  Agnes (D:15)
  A draconian monk (Zot:3)
  A thorn hunter (Swamp:3)
  A sphinx (shapeshifter) (Depths:2)
  Roxanne (D:14)
  8 shadow dragons
  14 azure jellies
  9 greater nagas
  Wiglaf (Vaults:5)
  11 frost giants
  5 tengu reavers
  21 fire giants
  A draconian knight (Zot:1)
  2 draconian zealots (Zot:2)
  11 deep elf sorcerers
  17 vault wardens
  Louise (Depths:4)
  2 ghost moths
  Aizul (Depths:2)
  3 draconian shifters
  2 iron dragons
  5 deep elf elementalists
  25 ironheart preservers
  2 spriggan defenders (Depths:4)
  4 draconian callers
  22 stone giants
  A war gargoyle (Vaults:4)
  7 very ugly things
  A vampire knight (Depths:1)
  8 deep elf demonologists
  2 salamander stormcallers (Vaults:5)
  11 deep elf annihilators
  5 green draconians
  3 purple draconians
  Nessos (Lair:6)
  6 red draconians
  5 black draconians
  A spark wasp (shapeshifter) (Vaults:5)
  5 spark wasps
  2 white draconians
  6 yellow draconians
  7 mottled draconians
  22 ettins
  12 crystal guardians
  An ettin (shapeshifter) (Elf:3)
  5 deep elf death magi
  7 death oozes (Slime:6)
  25 fire dragons
  3 jiangshi (Depths:3)
  A minotaur (Lab)
  23 great orbs of eyes
  9 deep elf high priests
  35 vault guards
  15 yaktaur captains
  The ghost of Ratboiler the Severer, a journeyman HOFi of Gozag (D:11)
  11 entropy weavers
  The ghost of namelastname112 the Slicer, a journeyman DrBe of Trog (D:10)
  Erolcha (D:11)
  14 naga warriors
  16 hydras
  8 rakshasas
  A hell beast (Depths:3)
  15 ice dragons
  4 death knights
  21 ogre magi
  6 centaur warriors
  A ghost crab (Swamp:4)
  An anaconda (shapeshifter) (Vaults:3)
  3 spriggan air magi
  13 anacondas
  26 dancing weapons
  An alligator (shapeshifter) (Depths:2)
  4 death yaks
  10 deep troll shamans
  A death yak (shapeshifter) (Vaults:5)
  10 naga sharpshooters
  A thrashing horror (Abyss:3)
  6 alligators
  7 tengu warriors
  10 deep troll earth magi
  35 deep elf knights
  9 spriggan berserkers
  4 vampire magi
  4 spriggans
  2 orc high priests
  A storm dragon zombie (Vaults:3)
  Sonja (D:11)
  Nergalle (D:12)
  A shadow wraith (Vaults:2)
  9 shock serpents
  3 wretched stars (Abyss:3)
  8 hell knights
  3 wizards
  8 iron trolls
  A fire crab (Vaults:5)
  A spriggan druid (Swamp:4)
  A hill giant (shapeshifter) (Depths:2)
  5 unseen horrors
  4 flayed ghosts
  12 naga ritualists
  11 swamp dragons
  12 orc knights
  19 ironbrand convokers
  23 deep trolls
  An anubis guard (shapeshifter) (Vaults:5)
  4 giant orange brains
  3 phantasmal warriors (Vaults:5)
  A shambling mangrove (Swamp:2)
  16 deep elf archers
  A wolf spider zombie (D:14)
  A harpy (shapeshifter) (Vaults:4)
  80 deep elf magi
  A harpy (Vaults:1)
  15 hill giants
  5 hornets
  A tengu skeleton (Vaults:3)
  6 necromancers
  10 shining eyes
  66 ugly things
  5 cyclopes
  4 wolf spiders
  11 mana vipers
  An orc sorcerer (Orc:2)
  5 salamanders
  2 manticores
  A worldbinder (Abyss:3)
  6 griffons
  2 manticores (shapeshifter)
  A cyclops (shapeshifter) (Vaults:5)
  8 elephants
  26 moths of wrath
  24 naga magi
  3 centaur zombies
  A sixfirhy (Abyss:3)
  15 vault sentinels
  A water nymph (shapeshifter) (Vaults:3)
  3 guardian serpents
  40 black mambas
  A torpor snail (shapeshifter) (Elf:2)
  A black mamba (shapeshifter) (Vaults:3)
  A water nymph (Abyss:3)
  An eye of devastation (Slime:2)
  A gargoyle (D:11)
  2 rust devils
  15 spiny frogs
  2 rime drakes
  4 kobold demonologists
  A rime drake (shapeshifter) (Vaults:3)
  11 komodo dragons
  26 yaktaurs
  4 efreet (Zot:4)
  2 centaur skeletons (D:14)
  16 freezing wraiths
  An ice devil (Depths:3)
  A red devil (Depths:3)
  7 tengu conjurers
  An ancient zyme (Abyss:3)
  A jumping spider (shapeshifter) (Vaults:4)
  5 boulder beetles
  13 trolls
  A queen bee (Abyss:3)
  A minotaur skeleton (Lab)
  3 jumping spiders
  A polar bear (shapeshifter) (D:15)
  17 bog bodies
  A merfolk (Lair:5)
  42 two-headed ogres
  20 blink frogs
  7 giant leeches
  A raiju (Abyss:3)
  A fire giant simulacrum (Vaults:3)
  181 slime creatures
  5 flying skulls (Depths:3)
  4 air elementals
  A spriggan simulacrum (Depths:3)
  6 water elementals
  4 shadows
  An orc simulacrum (Vaults:1)
  5 wraiths
  18 redbacks
  5 wyverns
  2 tarantellas (Depths:4)
  A tarantella (shapeshifter) (Vaults:3)
  3 basilisks
  2 hippogriffs (shapeshifter)
  7 fire elementals
  6 golden eyes (Slime:6)
  2 human simulacra (Vaults:1)
  A human (shapeshifter) (D:14)
  5 hippogriffs
  40 vampire mosquitoes
  A neqoxec (Abyss:3)
  34 yaks
  Menkaure (D:6)
  9 hungry ghosts
  2 swamp worms (shapeshifter)
  14 swamp worms
  37 nagas
  7 wargs
  12 insubstantial wisps
  3 large abominations (Abyss:3)
  24 water moccasins
  A hell hound (shapeshifter) (Vaults:5)
  39 orc warriors
  14 porcupines
  17 swamp drakes
  10 ice beasts
  3 black bears
  5 eyes of draining
  An eye of draining (shapeshifter) (Vaults:2)
  7 sky beasts
  A necrophage (D:10)
  2 phantoms
  16 wasps
  79 ogres
  11 wolves
  22 centaurs
  13 crocodiles
  A centaur (shapeshifter) (Depths:2)
  3 human skeletons
  An elf simulacrum (Depths:3)
  8 big kobolds
  3 human zombies
  18 giant frogs
  2 earth elementals
  2 small abominations (Abyss:3)
  6 scorpions
  17 killer bees
  10 wights
  9 howler monkeys
  10 crimson imps
  2 giant frog zombies
  4 lava snakes (Lab)
  2 quasits
  2 hounds
  48 jellies
  16 orc priests
  3 giant frog skeletons
  22 orc wizards
  9 iguanas
  19 worker ants
  2 hell rats (Lair:6)
  A worker ant (shapeshifter) (Depths:2)
  23 sheep
  A sheep (shapeshifter) (Vaults:5)
  2 hound zombies (D:6)
  A hound skeleton (D:6)
  2 howler monkey zombies
  A worker ant zombie (D:5)
  19 adders
  75 river rats
  7 shadow imps
  An ooze (D:1)
  An adder zombie (D:6)
  6 worms
  5 dart slugs
  5 giant geckos
  84 orcs
  A ball python (D:5)
  2 bats
  4 giant cockroaches
  5 goblins
  9 hobgoblins
  8 jackals
  32 kobolds
  8 quokkas
  3 giant newts
  14 rats
  11 crawling corpses
  A fungus (Lair:7)
  A spectral weapon (Zot:1)
2716 creatures vanquished.

Vanquished Creatures (collateral kills)
  Saint Roka (Vaults:1)
  A storm dragon (Zot:3)
  A vault guard (Vaults:3)
  An ice dragon (Zot:3)
  A centaur warrior (Vaults:3)
  A dancing weapon (Elf:2)
  A spriggan (Depths:4)
  A giant frog (D:7)
  A hound skeleton (D:6)
  2 orcs (Vaults:1)
11 creatures vanquished.

Vanquished Creatures (others)
  A lich (Vaults:5)
  A deep elf master archer (Elf:3)
  An eldritch tentacle (Depths:2)
  A death cob (Zot:3)
  A storm dragon (Vaults:5)
  A tengu reaver (Vaults:2)
  2 fire giants (D:14)
  A vault warden (Vaults:5)
  3 deep elf elementalists
  A spriggan defender (Depths:2)
  An ironheart preserver (Vaults:2)
  3 stone giants
  A deep elf annihilator (Elf:3)
  7 yaktaur captains
  A great orb of eyes (Vaults:5)
  A deep elf high priest (Vaults:5)
  5 centaur warriors
  An ogre mage (Orc:2)
  6 death yaks
  2 tengu warriors
  4 naga sharpshooters
  2 skeletal warriors
  A hill giant (D:13)
  An iron troll (Depths:5)
  An unseen horror (D:14)
  A deep troll (Orc:2)
  2 shambling mangroves
  8 deep elf archers
  4 cyclopes
  3 deep elf magi
  4 elephants
  3 moths of wrath
  A gargoyle (D:14)
  5 spiny frogs
  A centaur skeleton (D:14)
  16 yaktaurs
  2 komodo dragons
  3 slime creatures
  A raiju (Abyss:3)
  A shadow (D:12)
  3 yaks
  A spriggan (Depths:3)
  A hippogriff (Lair:4)
  2 swamp worms
  A vampire mosquito (Vaults:3)
  A soldier ant (shapeshifter) (Depths:2)
  A porcupine (Lair:3)
  2 orc warriors
  An ice beast (IceCv)
  6 ogres
  A boggart (Depths:2)
  A wolf (Lair:4)
  10 centaurs
  A glowing shapeshifter simulacrum (Depths:3)
  An electric eel (Lair:4)
  A worker ant (D:11)
  3 sheep
  An adder (Lair:8)
  4 river rats
  An orc (Vaults:5)
  3 bushes
  A crawling corpse (Depths:2)
  86 eldritch tentacle segments (Depths:2)
  52 fungi
  33 plants
  13 spectral weapons
  3 starspawn tentacles (Abyss:3)
  45 starspawn tentacle segments (Abyss:3)
384 creatures vanquished.

Grand Total: 3111 creatures vanquished

Notes
Turn   | Place    | Note
--------------------------------------------------------------
     0 | D:1      | M4edhros the Octopode Wanderer began the quest for the Orb.
     0 | D:1      | M4edhros set off with: a book of Minor Magic, a potion of lignification, a scroll of teleportation, a +0 club, a +0 dagger, a bread ration
     0 | D:1      | Reached XP level 1. HP: 14/14 MP: 2/2
   122 | D:1      | Reached XP level 2. HP: 13/19 MP: 3/3
   746 | D:1      | Reached skill level 1 in Shields
   959 | D:1      | Reached XP level 3. HP: 24/24 MP: 4/4
  1423 | D:2      | Reached skill level 1 in Slings
  1423 | D:2      | Reached skill level 2 in Shields
  1464 | D:2      | Reached XP level 4. HP: 24/29 MP: 5/5
  2008 | D:2      | Found a blossoming altar of Fedhas.
  2035 | D:2      | Gained mutation: You evolve. [potion of beneficial mutation]
  2237 | D:2      | Reached XP level 5. HP: 29/34 MP: 6/6
  2860 | D:3      | Found a stormy altar of Qazlal.
  3162 | D:3      | Found an iron altar of Okawaru.
  3166 | D:3      | Found a bloodstained altar of Trog.
  3553 | D:3      | Reached skill level 5 in Stealth
  3561 | D:3      | Reached skill level 3 in Shields
  3561 | D:3      | Reached XP level 6. HP: 32/39 MP: 7/7
  4085 | D:4      | Noticed a phantom
  4347 | D:4      | Reached skill level 4 in Shields
  4406 | D:4      | Reached XP level 7. HP: 31/45 MP: 8/8
  4417 | D:4      | Found a white marble altar of Elyvilon.
  4550 | D:5      | Entered Level 5 of the Dungeon
  4560 | D:5      | Found a white marble altar of Elyvilon.
  4608 | D:5      | Found a glowing golden altar of the Shining One.
  4871 | D:5      | Reached skill level 5 in Shields
  4931 | D:5      | Found a shimmering altar of Xom.
  4942 | D:5      | Reached XP level 8. HP: 40/50 MP: 9/9
  4978 | D:5      | Found a glowing drain.
  4994 | D:5      | Became a worshipper of Xom of Chaos
  5004 | Sewer    | XOM: noise
  5004 | Sewer    | Entered a sewer
  5137 | Sewer    | Found a white marble altar of Elyvilon.
  5436 | D:4      | XOM: noise
  5451 | D:4      | XOM: potion effect (curing)
  5452 | D:4      | XOM: cast spell 'Spider Form'
  5468 | D:4      | XOM: potion effect (brilliance)
  5505 | D:4      | XOM: silly message
  5521 | D:4      | XOM: divination: detect creatures
  5966 | D:5      | XOM: divination: detect creatures
  6078 | D:5      | XOM: god gift: lamp of fire
  6171 | D:5      | XOM: god gift: encrusted silver ring {god gift}
  6277 | D:3      | XOM: confusion
  6283 | D:3      | XOM: stat loss: -1 Int (12/13)
  6327 | D:3      | XOM: confusion (+ monsters)
  6353 | D:3      | XOM: confusion (+ monsters)
  6371 | D:3      | XOM: potion effect (might)
  6405 | D:3      | XOM: summons friendly ufetubus
  6567 | D:5      | XOM is BORED!
  6567 | D:5      | XOM: mild Conj miscast
  6573 | D:5      | Found a glowing silver altar of Zin.
  6585 | D:5      | Reached skill level 6 in Shields
  6748 | D:5      | XOM: god gift: papyrus book {god gift}
  7752 | D:6      | Noticed Menkaure
  7765 | D:6      | Killed Menkaure
  7780 | D:6      | Reached skill level 10 in Stealth
  7882 | D:6      | XOM is BORED!
  7882 | D:6      | XOM: 2-stop teleportation journey
  7973 | D:6      | Reached XP level 9. HP: 54/54 MP: 10/10
  8043 | D:6      | Reached skill level 7 in Shields
  8546 | D:6      | Reached skill level 5 in Slings
  8681 | D:6      | XOM: cast spell 'Summon Butterflies'
  8933 | D:6      | XOM: god gift: bread ration
  9346 | D:6      | XOM is BORED!
  9346 | D:6      | XOM: give mutation
  9346 | D:6      | Gained mutation: You are dopey. (Int -2) [Xom's mischief]
  9539 | D:6      | Found a basalt altar of Yredelemnul.
  9578 | D:6      | XOM: 4-stop teleportation journey
  9764 | D:6      | Gained mutation: You are resistant to electric shocks. [mutagenic meat]
  9765 | D:6      | Gained mutation: You are clumsy. (Dex -2) [mutagenic meat]
 10121 | D:6      | XOM: divination: detect creatures
 10141 | D:6      | XOM: medium Summ miscast
 10266 | D:6      | Gained mutation: One of your tentacles bears a spike. [evolution]
 10428 | D:6      | XOM: confusion (+ monsters)
 10429 | D:6      | XOM: summons friendly crimson imp
 10442 | D:7      | Found an iron altar of Okawaru.
 10471 | D:7      | Found a radiant altar of Vehumet.
 10474 | D:7      | XOM: harmless Conj miscast
 10593 | D:7      | Found a staircase to the Ecumenical Temple.
 10616 | Temple   | Entered the Ecumenical Temple
 10688 | Temple   | XOM: give mutation
 10688 | Temple   | Lost mutation: You evolve. [Xom's grace]
 10688 | Temple   | Gained mutation: You are somewhat resistant to further mutation. [Xom's grace]
 11182 | Temple   | XOM: 3-stop teleportation journey
 11257 | Temple   | XOM: harmless Trmt miscast
 11290 | Temple   | XOM: harmless Air miscast
 11714 | Temple   | XOM: noise
 11823 | Temple   | XOM: 10-stop teleportation journey
 12295 | Temple   | XOM: give mutations
 12295 | Temple   | Gained mutation: You are somewhat resistant to both further mutation and mutation removal. [Xom's grace]
 12295 | Temple   | Gained mutation: You are covered in fur (AC +1). [Xom's grace]
 12295 | Temple   | Gained mutation: Your muscles are strong. (Str +2) [Xom's grace]
 12295 | Temple   | Gained mutation: You can translocate small distances at will. [Xom's grace]
 12481 | Temple   | XOM: god gift: papyrus book {god gift}
 13149 | Temple   | XOM: vitrification
 13683 | Temple   | XOM is BORED!
 13683 | Temple   | XOM: draining
 13930 | Temple   | XOM: stat loss: -1 Dex (10/11)
 14005 | Temple   | XOM: torment (28/54 hp)
 14318 | Temple   | XOM: 1-stop teleportation journey
 14430 | Temple   | XOM: severe Tloc miscast
 14767 | Temple   | XOM: god gift: 20 stones
 15139 | Temple   | XOM: 2-stop teleportation journey
 15190 | D:7      | XOM: silly message
 15711 | Temple   | XOM: 1-stop teleportation journey
 15895 | D:7      | XOM: summons friendly ufetubus
 16044 | D:7      | XOM: confuse monster(s)
 16117 | D:7      | XOM: blink monster(s)
 16182 | D:7      | XOM: enchant monster (bad)
 16240 | D:7      | XOM: cast spell 'Necromutation'
 16288 | D:7      | XOM: harmless Erth miscast
 16301 | D:7      | XOM: fog
 16312 | D:7      | XOM: confusion (+ monsters)
 16380 | D:7      | XOM: potion effect (agility)
 16382 | D:7      | XOM: noise
 16383 | D:7      | XOM: give mutations
 16383 | D:7      | Lost mutation: One of your tentacles bears a spike. [Xom's mischief]
 16383 | D:7      | Lost mutation: You are dopey. (Int -2) [Xom's mischief]
 16383 | D:7      | Lost mutation: You are clumsy. (Dex -2) [Xom's mischief]
 16395 | D:7      | XOM: summons friendly ufetubus
 16397 | D:7      | XOM: confusion (+ monsters)
 16444 | D:7      | XOM: summons friendly white imp
 16519 | D:7      | XOM: blink monster(s)
 16541 | D:7      | XOM: noise
 16552 | D:7      | XOM: repel stairs
 16560 | D:7      | XOM: summons friendly white imp
 16601 | D:7      | Reached skill level 8 in Shields
 16619 | D:7      | XOM: silly message
 16666 | D:7      | XOM: blink monster(s)
 16702 | D:6      | XOM: swap monsters
 16703 | D:6      | XOM: silly message
 16801 | D:6      | XOM: medium Tloc miscast
 16837 | D:6      | XOM: harmless Conj miscast
 16839 | D:6      | XOM: harmless Ice miscast
 16875 | D:6      | XOM: stat loss: -1 Dex (11/13)
 16901 | D:6      | XOM: give mutations
 16901 | D:6      | Gained mutation: Scrolls take you a little longer to read. [Xom's mischief]
 16901 | D:6      | Gained mutation: You are dopey. (Int -2) [Xom's mischief]
 16901 | D:6      | Gained mutation: You possess an exceptional clarity of mind. [Xom's mischief]
 16901 | D:6      | Lost mutation: Your muscles are strong. (Str +2) [Xom's mischief]
 16938 | D:6      | XOM: harmless Trmt miscast
 16943 | D:7      | XOM: summons 3 friendly demons
 17322 | Temple   | XOM: severe Trmt miscast
 17525 | Temple   | XOM: god gift: glowing glaive {god gift}
 17961 | Temple   | XOM is BORED!
 17961 | Temple   | XOM: mild Erth miscast
 18717 | Temple   | XOM: god gift: scroll labeled WIDOWKEARI
 18875 | Temple   | XOM: god gift: potion of lignification
 19499 | Temple   | XOM: give mutations
 19499 | Temple   | Gained mutation: You are partially covered in rugged brown scales (AC +1, +3% HP). [Xom's grace]
 19499 | Temple   | Gained mutation: You are partially covered in thin metallic scales (AC +2). [Xom's grace]
 19499 | Temple   | Lost mutation: You are dopey. (Int -2) [Xom's grace]
 19499 | Temple   | Lost mutation: You are somewhat resistant to both further mutation and mutation removal. [Xom's grace]
 19499 | Temple   | Lost mutation: You are somewhat resistant to further mutation. [Xom's grace]
 19499 | Temple   | Gained mutation: You evolve. [Xom's grace]
 20376 | Temple   | XOM: give mutations
 20376 | Temple   | Gained mutation: You are resistant to hostile enchantments. [Xom's grace]
 20376 | Temple   | Gained mutation: Your mind is acute. (Int +2) [Xom's grace]
 20376 | Temple   | Gained mutation: You are robust (+10% HP). [Xom's grace]
 20499 | Temple   | Gained mutation: You are very robust (+20% HP). [evolution]
 20635 | Temple   | XOM: god gift: chain mail {god gift}
 20793 | Temple   | XOM: scenery: create altars
 21073 | Temple   | XOM: scenery: create altars
 21450 | Temple   | XOM: god gift: runed fluorescent wand {god gift}
 21534 | Temple   | XOM is BORED!
 21534 | Temple   | XOM: give mutations
 21534 | Temple   | Lost mutation: You are resistant to electric shocks. [Xom's mischief]
 21534 | Temple   | Lost mutation: You are covered in fur (AC +1). [Xom's mischief]
 21534 | Temple   | Lost mutation: You possess an exceptional clarity of mind. [Xom's mischief]
 21534 | Temple   | Lost mutation: You can translocate small distances at will. [Xom's mischief]
 22341 | Temple   | XOM: give mutations
 22341 | Temple   | Gained mutation: You have an increased reservoir of magic (+10% MP). [Xom's grace]
 22341 | Temple   | Gained mutation: You passively map a small area around you. [Xom's grace]
 22341 | Temple   | Gained mutation: You are covered in fur (AC +1). [Xom's grace]
 22415 | Temple   | XOM: give mutations
 22415 | Temple   | Gained mutation: Your natural rate of healing is unusually fast. [Xom's grace]
 22415 | Temple   | Gained mutation: You are highly resistant to hostile enchantments. [Xom's grace]
 22415 | Temple   | Gained mutation: You are agile. (Dex +2) [Xom's grace]
 22415 | Temple   | Gained mutation: You are covered in thick fur (AC +2). [Xom's grace]
 22618 | Temple   | XOM: scenery: create altars
 22814 | Temple   | XOM: harmless Trmt miscast
 23249 | Temple   | XOM: god gift: fan of gales
 23814 | Temple   | XOM: 1-stop teleportation journey
 23825 | Temple   | Fell from the grace of Xom
 23825 | Temple   | Became a worshipper of Dithmenos the Shadowed
 24014 | D:7      | Reached XP level 10. HP: 73/73 MP: 12/12
 24058 | D:7      | Found Tinnuf's Jewellery Shop.
 24269 | D:8      | Found Zoampum's Food Boutique.
 24386 | D:8      | Reached skill level 9 in Shields
 24479 | D:8      | Reached * piety under Dithmenos
 24513 | D:8      | Found an ancient bone altar of Kikubaaqudgha.
 24527 | D:8      | XOM: god gift: club {god gift}
 24822 | D:8      | XOM: summons 2 hostile shadow creatures
 24952 | D:8      | Found a sacrificial altar of Ru.
 25248 | D:9      | Gained mutation: You are very agile. (Dex +4) [evolution]
 25283 | D:9      | Noticed namelastname112's ghost (journeyman DrBe)
 25502 | D:9      | You fall through a shaft for 3 floors!
 25650 | D:12     | Noticed Nergalle
 25658 | D:12     | Killed Nergalle
 25658 | D:12     | Reached skill level 10 in Shields
 25744 | D:12     | Noticed a deep elf mage
 25751 | D:12     | Killed a deep elf mage
 25751 | D:12     | Reached XP level 11. HP: 78/78 MP: 13/13
 25763 | D:11     | Noticed Sonja
 25771 | D:12     | Reached ** piety under Dithmenos
 25812 | D:11     | Noticed a hill giant
 25813 | D:11     | Noticed Ratboiler's ghost (journeyman HOFi)
 25870 | D:12     | XOM: summons 3 hostile shadow creatures
 25871 | D:12     | Noticed an unseen horror
 25942 | D:11     | Noticed Erolcha
 25943 | D:11     | Noticed an unseen horror
 25948 | D:11     | Killed Erolcha
 25953 | D:11     | Reached skill level 11 in Shields
 25966 | D:11     | Killed an unseen horror
 26017 | D:11     | Noticed a hill giant
 26031 | D:11     | Killed a hill giant
 26130 | D:11     | Killed a hill giant
 26130 | D:11     | Reached skill level 5 in Dodging
 26263 | D:11     | Found a staircase to the Lair.
 26383 | D:11     | Noticed a hill giant
 26391 | D:11     | Killed a hill giant
 26544 | D:12     | XOM: give mutations
 26544 | D:12     | Lost mutation: Your mind is acute. (Int +2) [Xom's mischief]
 26544 | D:12     | Lost mutation: You evolve. [Xom's mischief]
 26544 | D:12     | Lost mutation: Scrolls take you a little longer to read. [Xom's mischief]
 26649 | D:12     | Found a staircase to the Orcish Mines.
 26928 | D:12     | XOM: medium Trmt miscast
 26957 | D:12     | XOM: noise
 27009 | D:11     | Noticed a green ugly thing
 27011 | D:11     | Killed Sonja
 27011 | D:11     | Reached *** piety under Dithmenos
 27011 | D:11     | Reached skill level 12 in Shields
 27014 | D:11     | Killed a green ugly thing
 27048 | D:11     | Noticed a manticore
 27233 | D:10     | Entered Level 10 of the Dungeon
 27373 | D:10     | Lost mutation: You are very robust (+20% HP). [mutagenic meat]
 27404 | D:10     | XOM: noise
 27566 | D:10     | Reached XP level 12. HP: 79/79 MP: 14/14
 27637 | D:10     | XOM: noise
 27882 | D:10     | Noticed namelastname112's ghost (journeyman DrBe)
 28116 | D:10     | XOM: mild Ice miscast
 28150 | D:10     | XOM: noise
 28281 | D:9      | Found an opulent altar of Gozag.
 28285 | D:9      | Found a sparkling altar of Nemelex Xobeh.
 28548 | Lair:1   | Entered Level 1 of the Lair of Beasts
 28810 | Lair:1   | XOM: noise
 28857 | Lair:1   | Reached skill level 15 in Stealth
 28922 | Lair:1   | Lost mutation: You are partially covered in rugged brown scales (AC +1, +3% HP). [potion of mutation]
 28922 | Lair:1   | Lost mutation: You are very agile. (Dex +4) [potion of mutation]
 28923 | Lair:1   | Gained mutation: Your mind is acute. (Int +2) [potion of mutation]
 28923 | Lair:1   | Gained mutation: You expend magic power (3 MP) to strengthen your wands. [potion of mutation]
 29121 | Lair:1   | XOM: mild Ice miscast
 29205 | Lair:1   | XOM: mild Divn miscast
 29394 | Lair:2   | Identified a scroll of acquirement
 29483 | Lair:2   | Reached **** piety under Dithmenos
 29528 | Lair:2   | Found a labyrinth entrance.
 29540 | Lab      | Entered a labyrinth
 30119 | Lab      | Reached skill level 13 in Shields
 30970 | Lab      | Noticed a minotaur
 30976 | Lab      | Killed a minotaur
 30979 | Lab      | Got a blackened falchion
 30981 | Lab      | Identified the cursed +3 falchion of Suicidal Tendencies {pain, +Fly} (You found it in a labyrinth)
 31045 | Lab      | XOM: harmless Air miscast
 31288 | Lab      | XOM: harmless Trmt miscast
 31479 | Lair:2   | XOM: harmless Divn miscast
 31649 | Lair:2   | Got a transparent short sword
 31650 | Lair:2   | Identified the +4 short sword of Lies {distort, rElec rF- MR++ Int+2} (You found it on level 2 of the Lair of Beasts)
 31666 | Lair:2   | XOM: silly message
 31739 | Lair:2   | XOM: harmless Chrm miscast
 31823 | Lair:2   | XOM: silly message
 31837 | Lair:2   | XOM: harmless Ice miscast
 32221 | Lair:3   | Reached skill level 1 in Short Blades
 32513 | Lair:3   | XOM: harmless Hex miscast
 32547 | Lair:3   | XOM: harmless Hex miscast
 32609 | Lair:3   | XOM: silly message
 32905 | Lair:3   | Noticed an eight-headed hydra
 33154 | Lair:3   | XOM: mild Pois miscast
 33281 | Lair:4   | Found a frozen archway.
 33296 | IceCv    | Entered an ice cave
 33304 | IceCv    | Reached XP level 13. HP: 81/81 MP: 15/15
 33315 | IceCv    | Reached skill level 14 in Shields
 33488 | Lair:4   | Found a staircase to the Swamp.
 33703 | Lair:4   | Found a staircase to the Snake Pit.
 33729 | Lair:4   | XOM: enchant monster (bad)
 33729 | Lair:4   | Was forgiven by Xom
 34573 | Lair:5   | Drew Focus: Str increased to 16, Int decreased to 12
 34590 | Lair:5   | Drew Focus: Str increased to 17, Int decreased to 11
 34924 | Lair:6   | Noticed Nessos
 34926 | Lair:6   | Killed Nessos
 34979 | Lair:6   | Reached ***** piety under Dithmenos
 35068 | Lair:6   | Found a staircase to the Slime Pits.
 35197 | Lair:6   | Reached skill level 15 in Shields
 36003 | D:7      | Bought a +6 ring of evasion for 1092 gold pieces
 36180 | D:11     | Killed Ratboiler's ghost
 36517 | Lair:7   | Reached skill level 10 in Dodging
 36551 | Lair:7   | Reached XP level 14. HP: 58/89 MP: 3/17
 36553 | Lair:7   | Reached skill level 16 in Shields
 37501 | Lair:8   | Entered Level 8 of the Lair of Beasts
 37783 | Lair:8   | Reached ****** piety under Dithmenos
 38253 | Lair:8   | Reached skill level 5 in Fighting
 38998 | Orc:1    | Entered Level 1 of the Orcish Mines
 39202 | Orc:1    | Found a roughly hewn altar of Beogh.
 39402 | Orc:2    | Entered Level 2 of the Orcish Mines
 39403 | Orc:2    | Found Bucea's Antique Weapon Boutique.
 39407 | Orc:2    | Found Yhunosejel's Weapon Shoppe.
 39408 | Orc:2    | Reached skill level 17 in Shields
 39492 | Orc:2    | Found a roughly hewn altar of Beogh.
 39850 | Orc:2    | Reached XP level 15. HP: 78/104 MP: 18/18
 40034 | Orc:2    | Found Ifessah's Distillery.
 40035 | Orc:2    | Found Taac's Food Boutique.
 40170 | Orc:2    | Found a staircase to the Elven Halls.
 40773 | D:13     | Got an iridescent falchion
 41148 | D:13     | Identified the +6 falchion of the Throat {venom, +Rage rF+ rN+} (You found it on level 13 of the Dungeon)
 41402 | D:14     | Noticed Roxanne
 41428 | D:14     | Noticed Snorg
 41436 | D:14     | Banished Snorg
 41495 | D:14     | Gained mutation: Potions and wands are less effective at restoring your health. [mutagenic meat]
 41497 | D:14     | Gained mutation: Your flesh is heat resistant. [mutagenic meat]
 41563 | D:14     | Noticed a storm dragon
 41649 | D:14     | Reached skill level 18 in Shields
 41694 | D:14     | Noticed a fire giant
 41705 | D:14     | Banished a fire giant
 41831 | D:14     | Noticed a fire giant
 41838 | D:14     | Banished a fire giant
 41958 | D:14     | Found Rumn's Distillery.
 41980 | D:14     | Bought a potion of agility for 60 gold pieces
 41980 | D:14     | Bought a potion of agility for 60 gold pieces
 42252 | D:14     | Reached XP level 16. HP: 92/113 MP: 19/19
 42397 | D:14     | Found a gate to the Vaults.
 42636 | D:15     | Entered Level 15 of the Dungeon
 42703 | D:15     | Lost mutation: You expend magic power (3 MP) to strengthen your wands. [mutagenic meat]
 42793 | D:15     | Reached skill level 19 in Shields
 42839 | D:15     | Noticed Agnes
 42870 | D:15     | Found a staircase to the Depths.
 43160 | Swamp:1  | Entered Level 1 of the Swamp
 43391 | Swamp:1  | Noticed Frances
 43398 | Swamp:1  | Banished Frances
 44555 | Swamp:3  | Noticed a thorn hunter
 44561 | Swamp:3  | Killed a thorn hunter
 44784 | D:12     | Learned a level 2 spell: Repel Missiles
 44788 | D:12     | Learned a level 3 spell: Ozocubu's Armour
 44792 | D:12     | Learned a level 3 spell: Mephitic Cloud
 44795 | D:12     | Learned a level 2 spell: Blink
 44799 | D:12     | Learned a level 3 spell: Regeneration
 44811 | D:12     | Drew Focus: Str increased to 19, Int decreased to 10
 45156 | Swamp:3  | Reached skill level 1 in Charms
 45544 | Swamp:3  | Reached skill level 1 in Poison Magic
 45591 | Swamp:3  | Reached skill level 1 in Air Magic
 45699 | Swamp:4  | Entered Level 4 of the Swamp
 46111 | Swamp:4  | Cast into level 3 of the Abyss (a distortion unwield)
 46225 | Abyss:3  | Lost mutation: Potions and wands cannot restore your health. [a neqoxec]
 46257 | Abyss:3  | Got an abyssal rune of Zot
 46279 | Abyss:3  | Noticed a tentacled starspawn
 46299 | Abyss:3  | Found a corrupted altar of Lugonu.
 46693 | Abyss:3  | Found a corrupted altar of Lugonu.
 46696 | Abyss:3  | Noticed a daeva
 46831 | Swamp:4  | Escaped the Abyss
 46844 | Swamp:4  | Reached XP level 17. HP: 85/98 MP: 20/20
 46945 | Swamp:4  | Noticed the 27-headed Lernaean hydra
 47216 | Swamp:4  | Killed the 27-headed Lernaean hydra
 47216 | Swamp:4  | Reached skill level 5 in Short Blades
 47424 | Swamp:4  | Reached skill level 20 in Shields
 47718 | Swamp:4  | Got a decaying rune of Zot
 47767 | Swamp:4  | Learned a level 2 spell: Swiftness
 47770 | Swamp:4  | Learned a level 2 spell: Passwall
 48141 | Snake:1  | Entered Level 1 of the Snake Pit
 48301 | Snake:1  | Reached skill level 1 in Conjurations
 48383 | Snake:1  | Gained mutation: You are occasionally teleported next to monsters. [mutagenic meat]
 48547 | Snake:1  | Reached skill level 5 in Poison Magic
 48665 | Snake:1  | Reached skill level 5 in Charms
 49091 | Snake:1  | Reached skill level 1 in Necromancy
 49459 | Snake:2  | Found Etwa's Book Shop.
 50214 | Snake:3  | Noticed Vashnia
 50697 | Snake:3  | Reached XP level 18. HP: 127/127 MP: 24/24
 51035 | Snake:3  | Killed Vashnia
 51518 | Snake:3  | Found Uzebamumm's Book Shop.
 52524 | D:10     | Killed namelastname112's ghost
 52590 | Elf:1    | Entered Level 1 of the Elven Halls
 52761 | Elf:1    | Found a flickering gateway to a bazaar.
 52775 | Bazaar   | Entered a bazaar
 52783 | Bazaar   | Identified Sunnucua's Compendium of Earthen Ice
 52784 | Bazaar   | Found Humyecol's Book Shop.
 52784 | Bazaar   | Found Hamyvyzo's Jewellery Boutique.
 52869 | Bazaar   | Bought a book of Battle for 560 gold pieces
 52921 | Elf:1    | Reached skill level 1 in Ice Magic
 53005 | Elf:1    | Reached skill level 10 in Slings
 54013 | Elf:1    | Reached skill level 5 in Necromancy
 54151 | Elf:2    | Found Joigamem's Jewellery Boutique.
 54174 | Elf:2    | Reached skill level 5 in Air Magic
 54455 | Elf:2    | Found an ancient bone altar of Kikubaaqudgha.
 54598 | Elf:2    | Reached XP level 19. HP: 128/133 MP: 28/28
 54781 | Elf:2    | Found a runed gate.
 54781 | Elf:2    | Found a runed gate.
 54791 | Elf:2    | Found a runed gate.
 55531 | Elf:2    | Reached skill level 5 in Spellcasting
 56008 | Elf:3    | Entered Level 3 of the Elven Halls
 56085 | Elf:3    | Found a deep blue altar of Sif Muna.
 56290 | Elf:3    | Reached skill level 10 in Charms
 56348 | Elf:3    | Noticed Norris
 56500 | Elf:3    | Killed Norris
 56519 | Elf:3    | Learned a level 2 spell: Corpse Rot
 56522 | Elf:3    | Learned a level 2 spell: Song of Slaying
 56526 | Elf:3    | Learned a level 3 spell: Spectral Weapon
 56529 | Elf:3    | Learned a level 2 spell: Ensorcelled Hibernation
 56532 | Elf:3    | Learned a level 2 spell: Shroud of Golubria
 57690 | Elf:3    | Noticed an Ice Fiend
 57690 | Elf:3    | Reached XP level 20. HP: 119/138 MP: 32/32
 57857 | Elf:3    | Reached skill level 5 in Ice Magic
 58101 | Elf:3    | Got a slimy falchion {venom}
 58190 | Elf:3    | Got an ebony rapier {pierce}
 58279 | Elf:3    | Identified the Catalogue of Power
 58364 | Elf:3    | Identified the +6 rapier of Circular Logic {pierce, SInv} (You took it off a deep elf death mage on level 3 of the Elven Halls)
 58366 | Elf:3    | Identified the +6 falchion of Proximity {venom, +Fly Str+4} (You took it off a deep elf demonologist on level 3 of the Elven Halls)
 58787 | Slime:1  | Entered Level 1 of the Pits of Slime
 58847 | Slime:2  | Gained mutation: Your body sometimes deteriorates upon taking damage. [a shining eye]
 58848 | Slime:2  | Lost mutation: You have an increased reservoir of magic (+10% MP). [a shining eye]
 58860 | Slime:2  | Gained mutation: Your spells are a little easier to cast, but a little less powerful. [a shining eye]
 58867 | Slime:2  | Reached skill level 1 in Hexes
 58895 | Slime:2  | Reached skill level 5 in Conjurations
 59556 | Slime:1  | Gained mutation: Your spells are easier to cast, but less powerful. [a shining eye]
 60273 | Slime:1  | Gained mutation: Your spells are much easier to cast, but much less powerful. [a shining eye]
 60276 | Slime:1  | Gained mutation: You occasionally shout uncontrollably at your foes. [a shining eye]
 62200 | Slime:3  | You fall through a shaft!
 62308 | Slime:4  | Reached XP level 21. HP: 145/145 MP: 31/31
 62644 | Slime:5  | Found a viscous altar of Jiyva.
 63100 | Slime:6  | Entered Level 6 of the Pits of Slime
 63134 | Slime:6  | Noticed the Royal Jelly
 63378 | Slime:6  | Found a viscous altar of Jiyva.
 63467 | Slime:6  | Killed the Royal Jelly
 63770 | Slime:6  | Gained mutation: You are weak. (Str -2) [a shining eye]
 64143 | Slime:6  | Got a smoking dagger
 64144 | Slime:6  | Identified the +7 dagger of the Spheres {antimagic, MP+9 Int-5 Dex+5} (You found it on level 6 of the Pits of Slime)
 64181 | Slime:6  | Identified the Reference Book on the Escort
 64187 | Slime:6  | Identified the Incunabulum of Boosts
 64196 | Slime:6  | Learned a level 6 spell: Deflect Missiles
 64197 | Slime:6  | Got a slimy rune of Zot
 64333 | Slime:6  | Identified the Guide on Venomous Transformation
 64348 | Slime:6  | Got a translucent spear
 64350 | Slime:6  | Got a jewelled morningstar
 64351 | Slime:6  | Identified the +6 morningstar "Oqeiruop" {pain, Str+2} (You found it on level 6 of the Pits of Slime)
 64353 | Slime:6  | Identified the +4 spear of Dust {pierce, rF+} (You found it on level 6 of the Pits of Slime)
 64701 | D:10     | Upgraded the game from 0.18-a0-1626-g65af6d3 to 0.18-a0-1628-g61c6396
 65133 | D:15     | Killed Agnes
 65173 | D:15     | Reached skill level 1 in Unarmed Combat
 65838 | Depths:1 | Entered Level 1 of the Depths
 65845 | Depths:1 | Reached skill level 5 in Translocations
 66125 | Depths:1 | Lost mutation: You are occasionally teleported next to monsters. [mutagenic meat]
 66126 | Depths:1 | Lost mutation: Your body sometimes deteriorates upon taking damage. [mutagenic meat]
 66128 | Depths:1 | Lost mutation: Your natural rate of healing is unusually fast. [mutagenic meat]
 66129 | Depths:1 | Lost mutation: You are weak. (Str -2) [mutagenic meat]
 66237 | Depths:1 | Reached skill level 10 in Spellcasting
 66472 | Depths:1 | Found a gateway to Hell.
 66589 | Depths:1 | Lost mutation: You are robust (+10% HP). [mutagenic meat]
 66591 | Depths:1 | Gained mutation: You are extremely resistant to the effects of hostile enchantments. [mutagenic meat]
 66654 | Depths:1 | Found Utamoik's Weapon Shop.
 66858 | D:14     | Killed Roxanne
 66858 | D:14     | Reached XP level 22. HP: 137/137 MP: 36/36
 66866 | D:14     | Identified Roxanne's Collected Works on Earth and Conjuration (You took it off Roxanne on level 14 of the Dungeon)
 67224 | Depths:1 | Reached skill level 1 in Earth Magic
 67456 | Depths:2 | Noticed Aizul
 67476 | Depths:2 | Reached skill level 1 in Transmutations
 67710 | Depths:2 | Killed Aizul
 68034 | Depths:2 | Noticed Nikola
 68048 | Depths:2 | Found a one-way gate leading to the halls of Pandemonium.
 68049 | Depths:2 | Killed Nikola
 68492 | Depths:2 | Reached skill level 5 in Earth Magic
 68509 | Depths:2 | Reached skill level 5 in Transmutations
 68788 | Vaults:1 | Entered Level 1 of the Vaults
 69022 | Vaults:1 | Noticed Saint Roka
 69046 | Vaults:1 | Killed Saint Roka
 69181 | Vaults:1 | Lost mutation: Your spells are much easier to cast, but much less powerful. [mutagenic meat]
 69190 | Vaults:1 | Lost mutation: You are extremely resistant to the effects of hostile enchantments. [mutagenic meat]
 70221 | Vaults:1 | Lost mutation: You are covered in thick fur (AC +2). [mutagenic meat]
 70464 | Vaults:2 | Gained mutation: You are weak. (Str -2) [mutagenic meat]
 70476 | Vaults:2 | Lost mutation: You are weak. (Str -2) [mutagenic meat]
 70477 | Vaults:2 | Gained mutation: You are extremely resistant to the effects of hostile enchantments. [mutagenic meat]
 70479 | Vaults:2 | Gained mutation: You are partially covered in yellow scales (AC +2). [mutagenic meat]
 70480 | Vaults:2 | Lost mutation: You are partially covered in yellow scales (AC +2). [mutagenic meat]
 70481 | Vaults:2 | Lost mutation: You are extremely resistant to the effects of hostile enchantments. [mutagenic meat]
 70532 | Vaults:2 | Lost mutation: Your mind is acute. (Int +2) [potion of mutation]
 70589 | Vaults:2 | Noticed Xtahua
 70601 | Vaults:2 | Killed Xtahua
 70774 | Vaults:2 | Found Arghunim's Distillery.
 70777 | Vaults:2 | Bought a potion of heal wounds for 95 gold pieces
 70777 | Vaults:2 | Bought a potion of curing for 57 gold pieces
 70777 | Vaults:2 | Bought a potion of curing for 57 gold pieces
 71002 | Vaults:2 | Found Bali's General Store.
 71011 | Vaults:2 | Bought 4 curare-tipped needles for 48 gold pieces
 71041 | Vaults:2 | Found Othreheip's Jewellery Emporium.
 71192 | Vaults:2 | Reached XP level 23. HP: 143/143 MP: 38/38
 71323 | Vaults:2 | Gained mutation: You evolve. [mutagenic meat]
 71538 | Vaults:2 | Lost mutation: You are partially covered in thin metallic scales (AC +2). [mutagenic meat]
 71773 | Vaults:2 | Found Kotial's Antique Armour Boutique.
 71781 | Vaults:2 | Bought a shiny large shield for 162 gold pieces
 72616 | Vaults:3 | Gained mutation: Your flesh is very heat resistant. [mutagenic meat]
 72663 | Vaults:3 | Learned a level 6 spell: Poisonous Cloud
 72744 | Vaults:3 | Found Sisaic's Armour Shop.
 72883 | Vaults:3 | Lost mutation: You occasionally shout uncontrollably at your foes. [mutagenic meat]
 73058 | Vaults:3 | Found a staircase to the Crypt.
 73321 | Vaults:3 | Lost mutation: You evolve. [evolution]
 73892 | Vaults:3 | Reached skill level 10 in Transmutations
 74068 | Vaults:3 | Reached skill level 10 in Earth Magic
 74340 | Vaults:3 | HP: 1/143 [vault warden/halberd (32)]
 74364 | Vaults:3 | Reached XP level 24. HP: 30/149 MP: 38/38
 74364 | Vaults:3 | HP: 7/149 [centaur warrior/arrow of flame (23)]
 74740 | Vaults:3 | Gained mutation: You are extremely resistant to the effects of hostile enchantments. [mutagenic meat]
 74741 | Vaults:3 | Gained mutation: Your body sometimes deteriorates upon taking damage. [mutagenic meat]
 74744 | Vaults:3 | Lost mutation: Your body sometimes deteriorates upon taking damage. [mutagenic meat]
 74745 | Vaults:3 | Gained mutation: You are weak. (Str -2) [mutagenic meat]
 74748 | Vaults:3 | Gained mutation: You are robust (+10% HP). [mutagenic meat]
 74777 | Vaults:4 | Gained mutation: You evolve. [mutagenic meat]
 74778 | Vaults:4 | Lost mutation: You are weak. (Str -2) [mutagenic meat]
 74779 | Vaults:4 | Gained mutation: Your flesh is cold resistant. [mutagenic meat]
 74880 | Vaults:4 | Found Yrritt's Antique Weapon Shoppe.
 74998 | Vaults:4 | Gained mutation: Your system is resistant to poisons. [mutagenic meat]
 75000 | Vaults:4 | Lost mutation: You are agile. (Dex +2) [mutagenic meat]
 76184 | Vaults:4 | Lost mutation: Your system is resistant to poisons. [mutagenic meat]
 76417 | Vaults:4 | Got an iridescent whip
 76418 | Vaults:4 | Identified the +4 whip of Fear {speed, Fragile rC+ Dex+4 Stlth+} (You found it on level 4 of the Vaults)
 76535 | Vaults:4 | Reached skill level 10 in Conjurations
 76732 | Vaults:4 | Gained mutation: You rapidly evolve. [potion of beneficial mutation]
 76740 | Vaults:5 | Entered Level 5 of the Vaults
 77581 | D:14     | Learned a level 6 spell: Statue Form
 77679 | Depths:1 | Bought the +3 Elemental Staff {rElec rF++ rC++ MR++ AC+5} for 1803 gold pieces
 77952 | Vaults:4 | Reached skill level 1 in Staves
 78042 | Vaults:5 | Noticed Sojobo
 78049 | Vaults:5 | Killed Sojobo
 78254 | Vaults:5 | Gained mutation: Your mind is acute. (Int +2) [mutagenic meat]
 78255 | Vaults:5 | Lost mutation: You passively map a small area around you. [mutagenic meat]
 78263 | Vaults:5 | Lost mutation: You rapidly evolve. [mutagenic meat]
 78320 | Vaults:5 | Reached XP level 25. HP: 159/172 MP: 39/39
 78585 | Vaults:5 | Reached skill level 5 in Staves
 78635 | Vaults:5 | Noticed Wiglaf
 78650 | Vaults:5 | Killed Wiglaf
 78786 | Vaults:5 | Noticed ilikecats's ghost (veteran HECj)
 78812 | Vaults:5 | HP: 4/174 [titan (46)]
 78849 | Vaults:5 | Killed ilikecats's ghost
 78849 | Vaults:5 | Reached skill level 10 in Fighting
 78867 | Vaults:5 | Lost mutation: Your spells are easier to cast, but less powerful. [evolution]
 79059 | Vaults:5 | Lost mutation: You are covered in fur (AC +1). [mutagenic meat]
 79060 | Vaults:5 | Lost mutation: You evolve. [mutagenic meat]
 79327 | Vaults:5 | Found Liequ's Magic Scroll Shop.
 79809 | Vaults:5 | Found Musuc's Distillery.
 79819 | Vaults:5 | Bought a potion of mutation for 57 gold pieces
 79819 | Vaults:5 | Gained mutation: Your flesh is almost immune to the effects of heat. [potion of mutation]
 79819 | Vaults:5 | Gained mutation: You regenerate slowly when monsters are visible. [potion of mutation]
 80074 | Vaults:5 | Noticed Frederick
 80094 | Vaults:5 | Killed Frederick
 80184 | Vaults:5 | Lost mutation: Your mind is acute. (Int +2) [potion of cure mutation]
 80184 | Vaults:5 | Lost mutation: Your spells are a little easier to cast, but a little less powerful. [potion of cure mutation]
 80184 | Vaults:5 | Lost mutation: You are extremely resistant to the effects of hostile enchantments. [potion of cure mutation]
 80184 | Vaults:5 | Lost mutation: You are highly resistant to hostile enchantments. [potion of cure mutation]
 80184 | Vaults:5 | Lost mutation: Your flesh is cold resistant. [potion of cure mutation]
 80248 | Vaults:5 | Identified Gyasapel's Guide on the Entourage
 80297 | Vaults:5 | Reached skill level 10 in Staves
 80347 | Vaults:5 | Identified the Volume of the Evil Oath
 80359 | Vaults:5 | Learned a level 3 spell: Gell's Gravitas
 80435 | Vaults:5 | Got a silver rune of Zot
 80614 | Vaults:5 | Found Wetufa's Magic Scroll Shoppe.
 80632 | Vaults:5 | Found Keno's Food Emporium.
 81272 | Snake:3  | Bought a manual of Transmutations for 1987 gold pieces
 81333 | Snake:4  | Entered Level 4 of the Snake Pit
 81602 | Snake:4  | Reached XP level 26. HP: 125/185 MP: 40/40
 81864 | Snake:4  | Got a serpentine rune of Zot
 82175 | Snake:4  | Gained mutation: You are partially covered in slimy green scales (AC +2). [mutagenic meat]
 82615 | Snake:4  | Reached skill level 10 in Poison Magic
 83015 | D:14     | Reached skill level 10 in Air Magic
 83086 | D:14     | Learned a level 5 spell: Summon Forest
 83788 | Depths:2 | Gained mutation: Your body sometimes deteriorates upon taking damage. [mutagenic meat]
 83790 | Depths:2 | Gained mutation: Your spells are a little harder to cast, but a little more powerful. [mutagenic meat]
 83973 | Depths:2 | Reached skill level 15 in Transmutations
 84920 | Depths:3 | Found Odghiz's Armour Shop.
 85285 | Depths:3 | Lost mutation: You regenerate slowly when monsters are visible. [mutagenic meat]
 85286 | Depths:3 | Gained mutation: You are weak. (Str -2) [mutagenic meat]
 85288 | Depths:3 | Gained mutation: You are agile. (Dex +2) [mutagenic meat]
 85289 | Depths:3 | Gained mutation: You are partially covered in large bone plates (AC +2, SH +2). [mutagenic meat]
 85290 | Depths:3 | Lost mutation: Your spells are a little harder to cast, but a little more powerful. [mutagenic meat]
 85291 | Depths:3 | Gained mutation: You are partially covered in icy blue scales (AC +1). [mutagenic meat]
 85415 | Depths:3 | Reached XP level 27. HP: 191/191 MP: 41/41
 86012 | Depths:3 | Reached skill level 1 in Summonings
 86016 | Depths:3 | Identified the Grimoire of Warped Talismans
 86150 | Depths:4 | Found a gateway to a ziggurat.
 86345 | Depths:4 | Gained mutation: Your body often deteriorates upon taking damage. [mutagenic meat]
 86499 | Depths:4 | Noticed Louise
 86500 | Depths:4 | Found a one-way gate to the infinite horrors of the Abyss.
 86506 | Depths:4 | Killed Louise
 86549 | Depths:4 | Noticed a juggernaut
 86574 | Depths:4 | Killed a juggernaut
 86803 | Depths:4 | Learned a level 3 spell: Spectral Weapon
 87113 | Depths:4 | Reached skill level 5 in Summonings
 87337 | Depths:5 | Entered Level 5 of the Depths
 87569 | Depths:5 | Gained mutation: You evolve. [potion of beneficial mutation]
 87615 | Depths:5 | Gained mutation: You rapidly evolve. [mutagenic meat]
 87617 | Depths:5 | Lost mutation: You are agile. (Dex +2) [mutagenic meat]
 87623 | Depths:5 | Lost mutation: You are robust (+10% HP). [mutagenic meat]
 87624 | Depths:5 | Lost mutation: You are weak. (Str -2) [mutagenic meat]
 87705 | Depths:5 | Reached skill level 10 in Translocations
 87877 | Depths:5 | Found a gate to the Realm of Zot.
 88443 | Zot:1    | Entered Level 1 of the Realm of Zot
 88953 | Zot:2    | Noticed an orb of fire
 88954 | Zot:2    | Reached skill level 15 in Dodging
 89087 | Zot:1    | Noticed an orb of fire
 89321 | Zot:1    | Killed an orb of fire
 89646 | Zot:1    | Gained mutation: You are dopey. (Int -2) [an orb of fire]
 89685 | Zot:1    | Killed an orb of fire
 89724 | Zot:1    | Gained mutation: You possess an exceptional clarity of mind. [mutagenic meat]
 91194 | Zot:3    | Lost mutation: You are dopey. (Int -2) [potion of mutation]
 91194 | Zot:3    | Lost mutation: You rapidly evolve. [potion of mutation]
 92880 | Zot:5    | Entered Level 5 of the Realm of Zot
 93065 | Zot:5    | Noticed an orb of fire
 93095 | Zot:5    | Gained mutation: Potions and wands are less effective at restoring your health. [an orb of fire]
 93117 | Zot:5    | Killed an orb of fire
 93377 | Zot:5    | Noticed an orb of fire
 93402 | Zot:5    | Gained mutation: You are clumsy. (Dex -2) [an orb of fire]
 93416 | Zot:5    | Gained mutation: Your spells are a little easier to cast, but a little less powerful. [an orb of fire]
 93436 | Zot:5    | Killed an orb of fire
 93441 | Zot:5    | Noticed an orb of fire
 93455 | Zot:5    | Gained mutation: You are weak. (Str -2) [an orb of fire]
 93463 | Zot:5    | Gained mutation: You are occasionally teleported next to monsters. [an orb of fire]
 93472 | Zot:5    | Gained mutation: Potions and wands are poor at restoring your health. [an orb of fire]
 93474 | Zot:5    | Gained mutation: You are frail (-10% HP). [an orb of fire]
 93481 | Zot:5    | Gained mutation: Scrolls take you a little longer to read. [an orb of fire]
 93485 | Zot:5    | Gained mutation: Potions and wands cannot restore your health. [an orb of fire]
 93489 | Zot:5    | Gained mutation: You are dopey. (Int -2) [an orb of fire]
 93499 | Zot:5    | HP: 5/164 [orb of fire/fireball (16)]
 93501 | Zot:5    | Killed from afar by an orb of fire

Vault maps used:
D:1:      roderic_dead_forest, st_stairs_8
D:2:      nicolae_overflow_crystal_walls
D:3:      nicolae_overflow_hidden_temple, grunt_qazlal_clouds
D:4:      lemuel_crystal_altar, first_bread
D:5:      xom_butterflies, zin_treasury, lemuel_doored_altar,
          portal_sewer_entry_b, basic_altar
D:6:      kennysheep_mini_moat, uniq_menkaure
D:7:      vehumet_statue, minmay_temple_entry_statues_fountains, serial_shops,
          nicolae_shop_window_shopping, okawaru_gym_becter
D:8:      kiku_gazebo_pond_becter, marbit_many_paths, serial_shops,
          nicolae_shop_scaring_up_business
D:9:      grunt_temple_overflow_opulence
D:10:     serial_curves, eino_curves_03, eino_curves_01
D:11:     dpeg_oklobed_lair, uniq_sonja, uniq_erolcha
D:12:     david_orc_2, uniq_nergalle
D:14:     cheibrodos_leafed_vault, hangedman_vaults_entry_quadrant_bands,
          hangedman_abyss_or_decor_stabs, serial_shops, nicolae_shop_crystal,
          hangedman_ranch, uniq_roxanne, uniq_snorg
D:15:     grunt_enter_depths_giant_problem, hangedman_abyss_or_decor_passed,
          minmay_misc_feat_pillars, uniq_agnes
Temple:   corrupted_temple
Lair:1:   grunt_forest_large_clearings, grunt_megastairs_4
Lair:2:   lab_entry_generic, lemuel_fruit_tree
Lair:3:   grunt_forest_small_clearings
Lair:4:   swamp_mist_pool, dummy_snake_entry, portal_ice_cave_entry_pillars_02,
          grunt_megastairs_5, serial_bayou_shore_b
Lair:6:   kennysheep_rathole, minmay_slime_entry_jelly_boxes,
          hangedman_lair_unloving_vines, grunt_megastairs_1,
          infiniplex_staircase_pool_2, uniq_nessos
Lair:7:   st_stairs_11
Lair:8:   hangedman_lair_tendril_chambers, serial_bayou_shore_b
Swamp:1:  evilmike_swamp_ruin_rubble_2, swamp_pool2, hangedman_swamp_lotus,
          uniq_frances
Swamp:2:  evilmike_swamp_ruin_house_3
Swamp:3:  evilmike_swamp_ruin_house_4
Swamp:4:  grunt_swamp_rune_castle, swamp_pool5
Snake:1:  st_stairs_3
Snake:2:  special_room, serial_shops, nicolae_shop_waterfront
Snake:3:  serial_shops, shop, uniq_vashnia
Snake:4:  snake_pit, serial_bayou_pond_e, nicolae_snake_shapes
Slime:4:  cheibrodos_slime_lost_civilization_7
Slime:5:  basic_altar
Orc:1:    mines1_david
Orc:2:    st_orc_open, basic_altar
Elf:1:    eino_elf_arrival_sip, serial_shops, bzr_entry_water, minivault_28
Elf:2:    basic_altar, serial_shops, shop
Elf:3:    minmay_elf_hall_golems, basic_altar, uniq_norris
Vaults:1: nicolae_vaults_what_the_h, vaults_room_semicircle, v_misc_8,
          v_misc_19, nicolae_vaults_an_arrangement,
          nicolae_vaults_twisting_passages, v_misc_16, hangedman_vaults_slice,
          vaults_dpeg_encased_lava, nicolae_vaults_gold_heap, uniq_saint_roka
Vaults:2: v_misc_5, v_alt_pattern_6, ontoclasm_vaults_ligature, st_lattice,
          vaults_standard_mumra_enter_the_diamond, v_misc_18,
          ontoclasm_vaults_claustrophobia, v_misc_5,
          ontoclasm_vaults_ring_small, serial_shops, shop, shop,
          nicolae_shop_behind_doors, shop_statue, uniq_xtahua
Vaults:3: st_greater_box_1, v_misc_26, vaults_standard_mumra_x,
          minmay_crypt_entry_nasty_monster, ontoclasm_vaults_chip,
          vaults_room_fours, vaults_room_fours, v_misc_15, vaults_dpeg_ring,
          nicolae_vaults_border_crossing, serial_shops,
          nicolae_shop_window_shopping
Vaults:4: dpeg_vaults_monster_row, st_octagons_1, nicolae_vaults_big_ls,
          v_rooms_5, v_pattern_1, v_misc_26, v_misc_30, nicolae_vaults_theta,
          serial_shops, nicolae_shop_stone
Vaults:5: uniq_sojobo, uniq_wiglaf, uniq_frederick
Depths:1: serial_shops, nicolae_shop_behind_doors, roderic_lattice_a,
          grunt_hell_entry_dis_grunt, small_chamber_with_monster, st_stairs_3,
          kennysheep_two_boxes
Depths:2: hangedman_pleasuredromes, hell_entry, pan_entry, uniq_aizul,
          uniq_nikola
Depths:3: cheibrodos_lost_city_excavation, serial_shops, shop, pan_entry,
          grunt_mini_vestibule, minmay_misc_feat_four_crosses,
          wad_floor_pattern_untrapped, serial_bayou_shore_b
Depths:4: minmay_textured_paths, enter_ziggurat_c,
          nicolae_abyss_entry_one_way_or_another, hell_entry, fountainhead,
          minivault_14, serial_bayou_shore_b, minmay_staircase_bubble
Depths:5: grunt_zot_entry_gee_three, hangedman_geh_valley, serial_bayou_shore_b
Zot:2:    evilmike_ambush
Zot:4:    lemuel_halls_of_wrath
Abyss:3:  grunt_abyss_rune_twisted_forest, evilmike_abyss_exit_glass
Lab:      nicolae_lab_starburst, lab_fountain, nicolae_lab_arrow,
          nicolae_lab_swirl, labyrinth_lava_lair, nicolae_lab_quarters,
          nicolae_lab_stuck
Bazaar:   bazaar_mystics
Sewer:    sewer_kobolds
IceCv:    ice_cave_statue_garden_01

Skill      XL: |  1  2  3  4  5  6  7  8  9 10 11 12 13 14 15 16 17 18 19 20 21 22 23 24 25 26 27 |
---------------+----------------------------------------------------------------------------------+-----
Stealth        | 3 4 5 6 8 10 12 13 14 15 | 15.1
Shields        | 1 2 3 4 5 6 8 10 12 13 15 17 18 19 20 | 20.0
Slings         | 1 2 3 4 6 7 8 10 12 13 14 | 14.1
Dodging        | 3 6 8 10 11 12 13 18 | 18.4
Short Blades   | 2 4 5 7 8 |  8.1
Fighting       | 6 7 8 9 11 14 | 14.2
Charms         | 2 6 8 10 12 | 12.0
Poison Magic   | 2 5 7 8 10 | 10.0
Air Magic      | 2 4 5 6 9 11 13 | 13.3
Conjurations   | 3 4 6 8 10 | 10.4
Necromancy     | 3 5 6 7 |  7.4
Spellcasting   | 2 4 6 7 10 11 12 13 14 | 14.6
Ice Magic      | 2 4 5 |  5.4
Hexes          | 4 |  4.9
Translocations | 5 7 8 9 11 | 11.6
Unarmed Combat | 4 |  4.3
Earth Magic    | 7 10 11 | 11.0
Transmutations | 7 10 11 12 15 17 | 17.6
Staves         | 3 10 | 10.1
Summonings     | 9 |  9.0
Polearms       | |  1.0
Throwing       | |  1.0

Action                   |  1- 3 |  4- 6 |  7- 9 | 10-12 | 13-15 | 16-18 | 19-21 | 22-24 | 25-27 || total
-------------------------+-------+-------+-------+-------+-------+-------+-------+-------+-------++-------
Melee: Unarmed           |    28 |       |       |       |       |       |       |       |       ||    28
       Short sword       |    19 |    98 |   318 |   698 |  1621 |   444 |       |       |       ||  3198
       Falchion          |       |       |       |       |       |     9 |       |       |       ||     9
       Spear             |       |       |       |       |       |       |    13 |       |       ||    13
       Greatsling        |       |       |       |       |       |       |       |     3 |       ||     3
       Staff             |       |       |       |       |       |       |       |    61 |   283 ||   344
       Quick blade       |       |       |       |       |       |       |       |       |  2174 ||  2174
 Fire: Hunting sling     |    31 |       |       |       |       |       |       |       |       ||    31
       Blowgun           |       |       |       |    27 |       |       |       |       |       ||    27
       Greatsling        |       |       |       |     4 |       |  1288 |  2105 |  2605 |  1733 ||  7735
Throw: Throwing net      |       |       |       |       |       |       |       |       |     1 ||     1
 Cast: Blink             |       |       |       |       |       |     2 |     4 |     6 |     8 ||    20
       Repel Missiles    |       |       |       |       |       |     3 |     4 |       |       ||     7
       Ozocubu's Armour  |       |       |       |       |       |     1 |     8 |    13 |    22 ||    44
       Passwall          |       |       |       |       |       |     8 |       |       |       ||     8
       Regeneration      |       |       |       |       |       |       |    32 |    52 |    87 ||   171
       Shroud of Golubri |       |       |       |       |       |       |     4 |    12 |    23 ||    39
       Song of Slaying   |       |       |       |       |       |       |     9 |     7 |    34 ||    50
       Ensorcelled Hiber |       |       |       |       |       |       |     5 |       |       ||     5
       Deflect Missiles  |       |       |       |       |       |       |     1 |     4 |     2 ||     7
       Mephitic Cloud    |       |       |       |       |       |       |       |    21 |    18 ||    39
       Poisonous Cloud   |       |       |       |       |       |       |       |     7 |    13 ||    20
       Statue Form       |       |       |       |       |       |       |       |     2 |     3 ||     5
       Swiftness         |       |       |       |       |       |       |       |       |     1 ||     1
       Spectral Weapon   |       |       |       |       |       |       |       |       |    27 ||    27
       Summon Forest     |       |       |       |       |       |       |       |       |     2 ||     2
Invok: Shadow Step       |       |       |       |       |       |       |       |       |     6 ||     6
Evoke: Wand              |       |       |    14 |     2 |    11 |     3 |     7 |    10 |     7 ||    54
       Lamp of fire      |       |       |     1 |       |       |       |       |       |       ||     1
       Deck              |       |       |       |       |     5 |    13 |     9 |       |       ||    27
       Fan of gales      |       |       |       |       |     1 |     3 |     3 |     2 |     2 ||    11
       Box of beasts     |       |       |       |       |       |     1 |       |       |     4 ||     5
       Phial of floods   |       |       |       |       |       |       |     1 |     2 |     2 ||     5
       Phantom mirror    |       |       |       |       |       |       |     1 |       |       ||     1
       Sack of spiders   |       |       |       |       |       |       |       |       |     2 ||     2
  Use: Scroll            |       |    10 |     7 |    23 |    10 |    16 |    22 |    12 |    14 ||   114
       Potion            |       |     5 |     2 |     3 |     6 |     2 |     9 |    17 |    19 ||    63
 Stab: Sleeping          |     5 |     6 |    11 |    78 |   117 |    45 |       |       |    72 ||   334
       Distracted        |       |       |     2 |     4 |    14 |     3 |     1 |       |    30 ||    54
       Paralysed         |       |       |       |     3 |       |       |       |       |       ||     3
       Confused          |       |       |       |       |     1 |     1 |       |     4 |    17 ||    23
  Eat: Chunk             |     2 |     7 |    19 |    34 |    34 |    32 |    25 |    78 |    59 ||   290
       Beef jerky        |       |     1 |       |       |     1 |     2 |       |     1 |     2 ||     7
       Pizza             |       |       |     5 |       |       |       |       |     1 |       ||     6
       Bread ration      |       |       |     5 |     2 |     1 |     2 |       |     3 |     7 ||    20
       Meat ration       |       |       |     3 |       |       |     1 |     5 |       |       ||     9
       Royal jelly       |       |       |       |       |       |     2 |     1 |     1 |       ||     4
